 Dungeon Crawl Stone Soup version 0.29.1-2-gbd0b4ee654 (webtiles) character file.

Game seed: 6238366020747751399

180 GorkyZ the Trooper (level 5, -2/33 HPs)
             Began as a Gargoyle Fighter on Nov 20, 2022.
             Slain by an orc priest
             ... wielding a +0 falchion
              (3 damage)
             ... on level 3 of the Dungeon.
             The game lasted 00:04:40 (2351 turns).

GorkyZ the Trooper (Gargoyle Fighter)               Turns: 2351, Time: 00:04:40

Health: -2/33      AC: 11    Str: 21    XL:     5   Next: 60%
Magic:  5/5        EV:  9    Int:  9    God:
Gold:   99         SH:  4    Dex:  9    Spells: 4/4 levels left

rFire   + . .      SeeInvis .   a - +0 trident
rCold   . . .      Faith    .   c - +0 buckler
rNeg    + . .      Spirit   .   b - +0 scale mail
rPois   ∞          Reflect  .   (no helmet)
rElec   +          Harm     .   (no cloak)
rCorr   .          Rampage  .   (no gloves)
Will    .....                   (no boots)
Stlth   ..........              (no amulet)
HPRegen 0.11/turn               l - ring of protection from fire
MPRegen 0.09/turn               (no ring)

@: no status effects
A: sickness immunity, AC +4, negative energy resistance 1, electricity
resistance, torment resistance 1, petrification resistance
a: no special abilities


You were on level 3 of the Dungeon.
You visited 1 branch of the dungeon, and saw 3 of its levels.

You collected 99 gold pieces.

Inventory:

Hand Weapons
 a - a +0 trident (weapon)
Missiles
 h - 2 curare-tipped darts (quivered)
 i - a throwing net
 k - 22 poisoned darts
Armour
 b - a +0 scale mail (worn)
 c - a +0 buckler (worn)
Jewellery
 l - a ring of protection from fire (left hand)
Wands
 n - a wand of flame (10)
Scrolls
 e - 2 scrolls of teleportation {unknown}
 g - a scroll of identify {unknown}
Potions
 d - a potion of might
 f - 2 potions of degeneration {unknown}
 j - a potion of berserk rage {unknown}
 m - a potion of mutation {unknown}
 o - a potion of lignification {unknown}
 p - a potion of ambrosia {unknown}


   Skills:
 + Level 4.2 Fighting
 + Level 2.8 Polearms
 + Level 1.6 Throwing
 + Level 4.1 Armour
 + Level 4.1 Shields


You had 4 spell levels left.
You didn't know any spells.
Your spell library was empty.

Dungeon Overview and Level Annotations

Branches:
Dungeon (3/15)

Altars:
Vehumet


Innate Abilities, Weirdness & Mutations

You are immune to sickness and miasma.
Your stone body is resilient. (AC +4)
You are immune to poison.
You resist negative energy. (rN+)
You are resistant to electric shocks. (rElec)
You are resistant to unholy torment.
You are immune to petrification.


Message History

You are too injured to fight recklessly!
You are too injured to fight recklessly!
You puncture the orc priest!
You kill the orc priest!
The dart slug closely misses you.
You are too injured to fight recklessly!
You hit the dart slug but do no damage. The dart slug completely misses you.
You hit the dart slug.
The dart slug is heavily wounded.
An orc comes into view. It is wielding a +0 short sword.
You block the dart slug's attack.
The orc shouts!
You hit the dart slug.
You kill the dart slug!
An orc and an orc priest come into view.
The orc shouts!
The orc priest shouts!
You see here a +0 war axe.
The orc hits you with a +0 short sword.
You closely miss the orc. The orc hits you with a +0 short sword.
* * * LOW HITPOINT WARNING * * *
You closely miss the orc.
The orc priest casts a cantrip, but nothing happens.
The orc hits you with a +0 short sword.
* * * LOW HITPOINT WARNING * * *
The orc priest miscasts a cantrip.
You hit the orc but do no damage. You puncture the orc!
You kill the orc!
You barely miss the orc.
The orc priest looks satisfied for a moment.
You block the orc's attack.
You puncture the orc!
You kill the orc!
You are too injured to fight recklessly!
The orc priest hits you with a +0 falchion.
* * * LOW HITPOINT WARNING * * *
Items here: ))) [ ††.
You completely miss the orc priest.
The orc priest hits you with a +0 falchion.
You die...

#)#.#.........#.........#+##
#.######.....##........##.#
#......'......'...........#
########.....##........####
#....)##........'.####
#.....##........#.....
#.....##........######
#.....########### #..
#...†@# #.. #.....o......
#.. #............ #..
#............ #..
#####........ #). #:.......
#.. #........ #.. #########
#.. ###


You could see an orc priest.

Vanquished Creatures
  An orc priest (D:3)
  4 gnolls (D:3)
  4 adders (D:2)
  2 worms
  5 dart slugs
  2 orcs (D:3)
  3 ball pythons
  An endoplasm (D:3)
  4 giant cockroaches
  5 goblins
  4 hobgoblins
  2 quokkas (D:2)
  7 bats
  12 kobolds
  7 rats
63 creatures vanquished.

Notes
Turn   | Place    | Note
-------+----------+-------------------------------------------
     0 | D:1      | GorkyZ the Gargoyle Fighter began the quest for the Orb.
     0 | D:1      | Reached XP level 1. HP: 14/14 MP: 1/1
   316 | D:1      | Reached XP level 2. HP: 19/19 MP: 2/2
   549 | D:1      | Found a faded altar of an unknown god.
   876 | D:2      | Reached XP level 3. HP: 23/23 MP: 3/3
  1579 | D:2      | Reached skill level 1 in Throwing
  1579 | D:2      | Reached XP level 4. HP: 29/29 MP: 4/4
  1811 | D:3      | Found a radiant altar of Vehumet.
  2029 | D:3      | Reached XP level 5. HP: 19/33 MP: 5/5
  2350 | D:3      | HP: 1/33 [orc priest/+0 falchion (3)]
  2351 | D:3      | Slain by an orc priest

Illustrated notes

Levels and vault maps discovered:
D:1:      scummos_arrival_forest, layout_basic,
          dreamdust_ecumenical_altar_hidden_monk_grotto
D:2:      layout_basic
D:3:      layout_basic, vehumet_altar_wand_db

Skill      XL: |  1  2  3  4 |
---------------+-------------+-----
Polearms       | 2 |  2.8
Throwing       | 1 |  1.6
Fighting       | 4 |  4.2
Armour         | 4 |  4.1
Shields        | 4 |  4.1

Action                   |  1- 3 |  4- 6 || total
-------------------------+-------+-------++-------
Melee: Trident           |    90 |    90 ||   180
Armor: Scale mail        |    19 |    31 ||    50
Dodge: Dodged            |    21 |    27 ||    48
Block: Buckler           |    16 |    14 ||    30
